 Dungeon Crawl Stone Soup version 0.18-a0-1413-g4eaa9ac (webtiles) character file.

873 Ijustatesigmund the Insei (level 8, -7/52 HPs)
             Began as an Octopode Transmuter on Feb 25, 2016.
             Was an Initiate of Cheibriados.
             Mangled by an ogre
             ... wielding a +0 giant club
              (26 damage)
             ... on level 5 of the Dungeon.
             The game lasted 00:15:10 (5168 turns).

Ijustatesigmund the Insei (Octopode Transmuter)     Turns: 5168, Time: 00:15:11

Health: -7/52      AC:  1    Str: 10    XL:     8   Next: 4%
Magic:  7/11       EV: 12    Int: 18    God:    Cheibriados [......]
Gold:   244        SH:  0    Dex: 14    Spells: 3 memorised, 4 levels left

rFire  . . .     SeeInvis .       - Unarmed
rCold  . . .     Gourm    .     (no shield)
rNeg   + . .     Faith    .     (helmet restricted)
rPois  .         Spirit   .     (no amulet)
rElec  .         Dismiss  .     j - ring of positive energy
rCorr  .         Reflect  .     (no ring)
SustAt .         Harm     .     (no ring)
MR     .....                    (no ring)
Stlth  +++.......               (no ring)
                                (no ring)
                                (no ring)
                                (no ring)

@: appendage, very slow, not resistant to hostile enchantments, fairly stealthy
A: almost no armour, amphibious, 8 rings, constrict 8, tentacle spike 3,
camouflage 1, gelatinous body 1
a: End Transformation, Bend Time, Renounce Religion


You were on level 5 of the Dungeon.
You worshipped Cheibriados.
Cheibriados was noncommittal.
You were not hungry.
One of your tentacles had a temporary spike.
You visited 1 branch of the dungeon, and saw 5 of its levels.

You collected 244 gold pieces.

Inventory:

Missiles
 a - 41 arrows
 r - a tomahawk (quivered)
Jewellery
 j - a ring of positive energy (left tentacle)
Scrolls
 g - a scroll of magic mapping
 h - 3 scrolls of teleportation
 i - a scroll of amnesia
 k - a scroll of recharging
 l - a scroll of enchant weapon {unknown}
 m - a scroll of enchant armour
 p - 2 scrolls of remove curse
 t - a scroll of noise
Potions
 e - a potion of cure mutation
 f - a potion of lignification
 n - 5 potions of curing
 q - a potion of flight
 v - a potion of berserk rage {unknown}
Books
 b - a book of Changes

   Spells                             Type                      Level
   a - Beastly Appendage              Transmutation                1
   b - Sticks to Snakes               Transmutation                2
   c - Spider Form                    Transmutation/Poison         3
   d - Ice Form                       Ice/Transmutation            4
   e - Blade Hands                    Transmutation                5
Comestibles
 c - 4 bread rations
 d - 6 meat rations


   Skills:
 - Level 3.1 Fighting
 - Level 2.0 Dodging
 - Level 2.0 Stealth
 - Level 5.0 Unarmed Combat
 - Level 2.0 Spellcasting
 + Level 4.5 Transmutations
 - Level 5.0 Ice Magic
 + Level 1.8 Invocations


You had 4 spell levels left.
You knew the following spells:

 Your Spells              Type           Power        Failure   Level  Hunger
a - Beastly Appendage     Trmt           ###...       2%          1    #......
b - Sticks to Snakes      Trmt           ###.....     4%          2    ###....
c - Ice Form              Ice/Trmt       ###.....     28%         4    #####..


Dungeon Overview and Level Annotations

Branches:
Dungeon (5/15)             Temple (0/1) D:5

Altars:
Cheibriados
Nemelex Xobeh
Okawaru
Qazlal
Ru
Trog
Vehumet


Innate Abilities, Weirdness & Mutations

You cannot wear most types of armour.
You are amphibious.
You can wear up to eight rings at the same time.
You can use your tentacles to constrict eight enemies at once.
Your skin changes colour to match your surroundings (Stealth).
Your rubbery body absorbs attacks (AC +1).
One of your tentacles bears a large vicious spike.


Message History

Casting: Sticks to Snakes
Confirm with . or Enter, or press ? or * to list all spells.
One of your tentacles grows a vicious spike.
The ogre closely misses you. The ogre hits you with a giant club!
You bludgeon the ogre!
Your tentacle spike misses the ogre.
The ogre is moderately wounded.
The ogre closely misses you. x2
You bludgeon the ogre!
You kill the ogre!
Cheibriados appreciates the change of pace.
You have reached level 8!
You barely miss the ogre.
You pierce the ogre, but do no damage.
Your squeeze misses the ogre.
The ogre is moderately wounded.
The ogre hits you with a giant club!
You barely miss the ogre.
The ogre is moderately wounded.
The ogre hits you with a giant club!!
Ouch! That really hurt!
You die...

..# ##..# ..#
###...# ..##
#...### ...#
#.⌠.# ...#
#####..(####
...#
#.....(....#
...#
#..⌠..>..⌠.#
...##
#......O)..#
....#
#.###..@#### #
....# #.#
#.⌠.# ###
....# ##.#
#...#### ##..
....#####..#
######.##
##...
..........##
#..# #....
.....######
#..# #....
......## ##.#
#....
.......###
#.########....
.........###
#.............


You could see an ogre.

Vanquished Creatures
  3 ogres
  2 scorpions
  2 crimson imps (D:5)
  A hound (D:4)
  An orc priest (D:4)
  3 orc wizards
  An iguana (D:4)
  4 worker ants (D:4)
  A hound skeleton (D:4)
  4 gnolls
  5 adders
  An ooze (D:1)
  An adder skeleton (D:3)
  3 worms
  2 dart slugs
  2 giant geckos
  7 orcs
  2 giant cockroaches
  8 goblins
  9 hobgoblins
  A jackal (D:5)
  7 kobolds
  2 quokkas
  6 ball pythons
  12 bats
  3 giant newts
  4 rats
97 creatures vanquished.

Vanquished Creatures (collateral kills)
  A howler monkey (D:5)
  4 gnolls
  3 jackals (D:5)
8 creatures vanquished.

Grand Total: 105 creatures vanquished

Notes
Turn   | Place    | Note
--------------------------------------------------------------
     0 | D:1      | Ijustatesigmund the Octopode Transmuter began the quest for the Orb.
     0 | D:1      | Reached XP level 1. HP: 13/13 MP: 3/3
   491 | D:1      | Reached XP level 2. HP: 16/18 MP: 5/5
   511 | D:1      | Learned a level 2 spell: Sticks to Snakes
   999 | D:1      | Reached XP level 3. HP: 23/25 MP: 6/6
  1190 | D:2      | Found a radiant altar of Vehumet.
  1291 | D:2      | Found a sparkling altar of Nemelex Xobeh.
  1516 | D:2      | Reached XP level 4. HP: 23/31 MP: 7/7
  1522 | D:2      | Learned a level 4 spell: Ice Form
  2119 | D:4      | Reached skill level 1 in Ice Magic
  2119 | D:4      | Reached XP level 5. HP: 25/36 MP: 8/8
  2567 | D:5      | Entered Level 5 of the Dungeon
  2652 | D:5      | Reached XP level 6. HP: 25/42 MP: 9/9
  2918 | D:4      | Reached skill level 5 in Unarmed Combat
  3341 | D:4      | Found an iron altar of Okawaru.
  3549 | D:4      | Reached XP level 7. HP: 42/46 MP: 10/10
  3975 | D:4      | Found a stormy altar of Qazlal.
  3975 | D:4      | Found a bloodstained altar of Trog.
  4629 | D:3      | Found a sacrificial altar of Ru.
  4632 | D:3      | Found a snail-covered altar of Cheibriados.
  4749 | D:3      | Became a worshipper of Cheibriados the Contemplative
  4803 | D:5      | Reached skill level 1 in Stealth
  4870 | D:5      | Reached skill level 5 in Ice Magic
  5123 | D:5      | Found a staircase to the Ecumenical Temple.
  5129 | D:5      | Reached skill level 1 in Invocations
  5166 | D:5      | Reached XP level 8. HP: 32/52 MP: 6/11
  5168 | D:5      | Mangled by an ogre

Vault maps used:
D:1:      minmay_arrival_wavy_path, minmay_misc_feat_pillars
D:2:      overflow_temple_1_default, vehumet_crystals, grunt_ministairs_9
D:3:      nicolae_overflow_hidden_temple, first_bread
D:4:      okawaru_metal_pillars_3, gammafunk_temple_overflow_elements
D:5:      kennysheep_little_box, minmay_temple_entry_junction

Skill      XL: |  1  2  3  4  5  6  7 |
---------------+----------------------+-----
Fighting       | 2 3 |  3.1
Unarmed Combat | 4 5 |  5.0
Ice Magic      | 1 2 3 5 |  5.0
Transmutations | 3 4 |  4.5
Stealth        | 2 |  2.0
Invocations    | 1 |  1.8
Dodging        | |  2.0
Spellcasting   | |  2.0

Action                   |  1- 3 |  4- 6 |  7- 9 || total
-------------------------+-------+-------+-------++-------
Melee: Unarmed           |    79 |   101 |    82 ||   262
Throw: Tomahawk          |       |       |     8 ||     8
 Cast: Beastly Appendage |     3 |     4 |     7 ||    14
       Sticks to Snakes  |       |     3 |    11 ||    14
  Use: Scroll            |     6 |     6 |     3 ||    15
       Potion            |     1 |     1 |     4 ||     6
 Stab: Sleeping          |     3 |     5 |     2 ||    10
       Distracted        |       |     1 |     1 ||     2
  Eat: Chunk             |     2 |     1 |     1 ||     4
       Meat ration       |       |     1 |     1 ||     2
       Royal jelly       |       |       |     1 ||     1
